 Dungeon Crawl Stone Soup version 0.26-a0-710-g95a0c6c400 (webtiles) character file.

Game seed: 4086546941834853449

105597 Triangle the Eclecticist (level 15, -5/110 HPs)
             Began as a Grey Draconian Venom Mage on Oct 30, 2020.
             Was a High Priest of Qazlal.
             Killed from afar by a starcursed mass (10 damage)
             ... with an accursed screaming
             ... on level 2 of the Abyss.
             The game lasted 03:49:33 (35898 turns).

Triangle the Eclecticist (DrVM)                    Turns: 35898, Time: 03:49:34

Health: -5/110     AC: 29    Str: 12    XL:     15   Next: 95%
Magic:  41/41      EV: 18    Int: 20    God:    Qazlal [*****.]
Gold:   2916       SH:  6    Dex: 18    Spells: 22/48 levels left

rFire    . . .     SeeInvis +   K - +9 mace (protect)
rCold    . . .     Faith    .   (no shield)
rNeg     . . .     Spirit   .   (armour unavailable)
rPois    .         Reflect  .   L - +2 hat {SInv}
rElec    .         Harm     .   h - +2 cloak
rCorr    .         Rampage  .   m - +2 pair of gloves
MR       +....                  (no boots)
Stlth    +.........             g - amulet of the acrobat
HPRegen  0.28/turn              n - +6 ring of dexterity
MPRegen  0.27/turn              R - ring of magical power

@: protection aura, hasted, studying 2 skills, repel missiles, very quick
A: walk through water, unfitting armour, [frail 1], low mp 1, unbreathing,
cold-blooded, AC +14
a: Upheaval, Elemental Force, Disaster Area, Renounce Religion


You were on level 2 of the Abyss.
You worshipped Qazlal.
Qazlal was extremely pleased with you.
You visited 5 branches of the dungeon, and saw 26 of its levels.
You visited the Abyss 1 time.
You also visited: Trove, Gauntlet and Volcano.

You collected 3171 gold pieces.
You spent 255 gold pieces at shops.

Inventory:

Hand Weapons
 H - a +4 demon trident
 K - a +9 mace of protection (weapon)
 N - a +5 flail of holy wrath
Armour
 e - a +1 cloak
 h - a +2 cloak (worn)
 m - a +2 pair of gloves (worn)
 D - a +0 pair of boots
 L - a +2 hat of see invisible (worn)
Jewellery
 g - an amulet of the acrobat (around neck)
 n - a +6 ring of dexterity (left hand)
 q - an uncursed ring of fire
 B - an uncursed ring of positive energy
 I - the ring of the Middle {rC+ rN+ Int+5, unknown}
   (You found it on level 13 of the Dungeon)

   [ring of protection from cold]

   It affects your intelligence (+5).
   It protects you from cold.
   It protects you from negative energy.
 R - a ring of magical power (right hand)
 X - a +6 ring of strength
Wands
 f - a wand of iceblast (19)
 k - a wand of flame (35)
 o - a wand of random effects (4)
 v - a wand of acid (24)
 w - a wand of enslavement (7)
 z - a wand of paralysis (6)
Scrolls
 a - 5 scrolls of remove curse
 c - 4 scrolls of teleportation
 p - a scroll of vulnerability
 s - 5 scrolls of enchant armour
 t - 3 scrolls of identify
 y - 5 scrolls of fog
 A - 6 scrolls of amnesia
 C - 3 scrolls of magic mapping
 E - a scroll of summoning
 G - a scroll of torment
 U - a scroll of brand weapon
Potions
 d - 4 potions of flight
 i - 4 potions of curing
 j - 2 potions of might
 r - 3 potions of brilliance
 u - 12 potions of ambrosia
 x - 5 potions of mutation
 F - 3 potions of resistance
 W - a potion of invisibility
Books
 M - a manual of Maces & Flails
 O - a manual of Dodging


   Skills:
 - Level 8.4 Fighting
 - Level 12.6 Maces & Flails
 - Level 7.4 Dodging
 - Level 1.7 Stealth
 * Level 17.4 Spellcasting
 - Level 1.0 Transmutations
 * Level 8.9 Fire Magic
 - Level 8.0 Poison Magic
 - Level 12.1 Invocations


You had 22 spell levels left.
You knew the following spells:

 Your Spells              Type           Power        Failure   Level
a - Sting                 Tmut/Pois      ####         1%          1
b - Poisonous Vapours     Pois/Air       ####..       1%          2
c - Olgreb's Toxic Radia  Pois           #####...     1%          4
d - Ignite Poison         Fire/Tmut/Pois #####...     1%          3
e - Alistair's Intoxicat  Tmut/Pois      #####....    14%         5
f - Blink                 Tloc           N/A          4%          2
g - Spider Form           Tmut/Pois      #####.....   1%          3
h - Foxfire               Conj/Fire      ####         1%          1
i - Fireball              Conj/Fire      #####.....   14%         5

Your spell library contained the following spells:

 Spells                   Type           Power        Failure   Level
 Conjure Flame            Conj/Fire      #####...     1%          3
 Inner Flame              Hex/Fire       #####...     1%          3
 Beastly Appendage        Tmut           ###...       2%          1
 Apportation              Tloc           ###...       3%          1
 Wereblood                Tmut           ###.....     3%          2
 Mephitic Cloud           Conj/Pois/Air  ####....     3%          3
 Sticky Flame             Conj/Fire      #####...     4%          4
 Gell's Gravitas          Tloc           ###.......   10%         3
 Lesser Beckoning         Tloc           ###.......   10%         3
 Teleport Other           Tloc           ###.....     10%         3
 Tukima's Dance           Hex            ###.....     10%         3
 Ice Form                 Ice/Tmut       ###.....     26%         4
 Passage of Golubria      Tloc           N/A          32%         4
 Blade Hands              Tmut           ###.......   52%         5
 Invisibility             Hex            ###.....     99%         6
 Haunt                    Necr/Summ      ###.......   100%        7
 Borgnjor's Revivificati  Necr           ###.......   100%        8
 Infestation              Necr           ###.......   100%        8
 Necromutation            Tmut/Necr      ###.......   100%        8
 Death's Door             Necr           ###.......   100%        9


Dungeon Overview and Level Annotations

Branches:
Dungeon (14/15)            Temple (1/1) D:4            Lair (6/6) D:9
  Swamp (0/4) Lair:3       Spider (3/4) Lair:2        Slime (0/5) Lair:6
    Orc (2/2) D:11            Elf (0/3) Orc:2       Volcano (visited)
Gauntlet (visited)
 Vaults: D:13-14

Altars:
Ashenzari
Cheibriados
Dithmenos
Gozag
Hepliaklqana
Kikubaaqudgha
Nemelex Xobeh
Okawaru
Qazlal
Ru
Sif Muna
Trog
Vehumet
Wu Jian
Xom
Zin
The Shining One
Beogh
Jiyva

Shops:
D:5 (   D:9 (*}   Orc:2 (=!}

Annotations:
D:7 Menkaure
D:10 3 runed translucent doors, Schnaeble's ghost, journeyman MiFi
D:14 Louise
Lair:3 exclusion: 3 oklob plants
Spider:2 Arachne; Nikola


Innate Abilities, Weirdness & Mutations

You can walk through water.
Your dull iron-grey scales are very hard. (AC +14)
You cannot fit into any form of body armour.
You can survive without breathing.
You are cold-blooded and may be slowed by cold attacks.
Your magical capacity is low. (-10% MP)
[You are frail. (-10% HP)]


Message History

The small abomination hits you!
* * * LOW HITPOINT WARNING * * *
A starcursed mass splits.
The chaos spawn closely misses you.
Okay, then.
Okay, then.
As you read the scroll of holy word, it crumbles to dust.
You speak a Word of immense power!
The chaos spawn convulses!
The small abomination convulses!
You destroy the small abomination!
Qazlal accepts your kill.
The ufetubus convulses!
You kill the ufetubus!
The ufetubus convulses!
You kill the ufetubus!
The ufetubus convulses!
You kill the ufetubus!
The ufetubus convulses!
You kill the ufetubus!
A chorus of shrieks assaults your mind.
You die...

.# .. .# # ##
##.# . ### ##
#. ## ... #.
.5.. .. ..
#..##.. . #.#.
.#...#XX .....
. #.5## X#.#
#...####..
.##.X #.#
#..#@X#.###..5.
##...
####.4#○.#..5
#.#. .#.
#.#.##..#X#3 .#
# #
##..##X##.X....
. . ##
#.#5.#X3#5##.
.## ##w#X#..5 #
. .
#..#.#.##X.#
#.#..# ..
...#.#.##X#..##
# #. . #..
..##..##. .# ##


You could see 4 starcursed masses, a tentacled starspawn and a chaos spawn
(dazed).

Vanquished Creatures
  Gastronok (D:11)
  Agnes (Spider:1)
  Donald (Spider:1)
  A ghost moth (Spider:1)
  2 emperor scorpions
  A minotaur (Gauntlet)
  Erolcha (D:12)
  5 hydras
  A catoblepas (Lair:6)
  3 boulder beetles
  5 two-headed ogres
  10 death yaks
  A deep troll shaman (Lair:6)
  6 orc high priests
  A sun demon (Volcano)
  Sonja (D:13)
  2 thrashing horrors (Abyss:2)
  5 hell knights
  A wretched star (Abyss:2)
  An unseen horror (D:11)
  A lindwurm (Lair:6)
  3 necromancers (D:12)
  A deep elf mage (D:13)
  An orb spider (Spider:2)
  6 orc knights
  3 ugly things
  An orc sorcerer (Orc:1)
  12 wolf spiders
  2 manticores (D:13)
  A worldbinder (Abyss:2)
  A moth of wrath (Spider:3)
  14 elephants
  5 black mambas
  3 centaur skeletons
  2 rime drakes
  2 torpor snails
  12 cane toads
  4 komodo dragons
  5 demonic crawlers
  7 trolls
  A red devil (Volcano)
  12 jumping spiders
  2 queen bees
  4 polar bears
  2 wolf spider simulacra (Lair:2)
  15 blink frogs
  2 hornets
  6 slime creatures
  A vampire (D:11)
  31 yaks
  20 redbacks
  9 basilisks
  7 tarantellas
  8 wyverns
  2 wraiths
  6 vampire mosquitoes (D:12)
  6 fire bats (Volcano)
  A chaos spawn (Abyss:2)
  5 steam dragons
  A warg (D:11)
  2 acid dragons (D:13)
  8 hell hounds
  20 water moccasins
  5 sky beasts
  39 orc warriors
  4 ice beasts
  A hornet zombie (D:12)
  3 black bears (Lair:6)
  A necrophage (D:7)
  A small abomination (Abyss:2)
  19 wolves
  6 centaurs
  An ogre (D:9)
  A starcursed mass (Abyss:2)
  A big kobold (D:9)
  19 bullfrogs
  A cane toad simulacrum (Lair:2)
  A wyvern skeleton (D:8)
  86 killer bees
  7 scorpions
  12 wights
  6 howler monkeys
  A rime drake simulacrum (Lair:2)
  3 electric eels
  7 lava snakes (Volcano)
  A centaur zombie (D:12)
  2 iron imps (Abyss:2)
  36 orc priests
  4 bullfrog zombies
  3 jellies
  A bullfrog skeleton (D:12)
  A hound (D:12)
  14 orc wizards
  3 iguanas
  15 worker ants
  A hell rat (Lair:3)
  A worker ant zombie (D:10)
  13 adders
  A river rat (Lair:3)
  A shadow imp (D:10)
  3 white imps
  6 ufetubi
  2 oozes
  An adder skeleton (D:6)
  2 worms
  A worm (shapeshifter) (Gauntlet)
  5 dart slugs
  9 leopard geckos
  91 orcs
  11 bats
  5 giant cockroaches
  9 goblins
  6 hobgoblins
  4 jackals (D:4)
  11 kobolds
  5 quokkas
  A ball python (D:4)
  4 frilled lizards
  5 rats
810 creatures vanquished.

Vanquished Creatures (collateral kills)
  A cane toad (Lair:6)
1 creature vanquished.

Vanquished Creatures (others)
  A torpor snail (Spider:2)
  22 foxfires
  26 fungi
  58 plants
  6 starspawn tentacles (Abyss:2)
113 creatures vanquished.

Grand Total: 924 creatures vanquished

Notes
Turn   | Place    | Note
-------+----------+-------------------------------------------
     0 | D:1      | Triangle the Draconian Venom Mage began the quest for the
                  | Orb.
     0 | D:1      | Reached XP level 1. HP: 14/14 MP: 3/3
   257 | D:1      | Reached XP level 2. HP: 17/20 MP: 1/5
   775 | D:1      | Reached XP level 3. HP: 26/26 MP: 6/6
  1227 | D:2      | Learned a level 2 spell: Poisonous Vapours
  1276 | D:2      | Found a shimmering altar of Xom.
  2211 | D:2      | Reached skill level 3 in Spellcasting
  2250 | D:2      | Reached XP level 4. HP: 33/33 MP: 0/8
  2897 | D:3      | Found an iron altar of Okawaru.
  3859 | D:4      | Reached XP level 5. HP: 38/38 MP: 1/10
  3981 | D:4      | Found an opulent altar of Gozag.
  4020 | D:4      | Found a staircase to the Ecumenical Temple.
  4049 | Temple   | Entered the Ecumenical Temple
  4080 | Temple   | Became a worshipper of Qazlal Stormbringer
  4441 | D:4      | Noticed a phantom
  4536 | D:4      | Found a sacrificial altar of Ru.
  4773 | D:4      | Reached skill level 4 in Spellcasting
  4773 | D:4      | Reached XP level 6. HP: 45/45 MP: 6/12
  4788 | D:4      | Reached skill level 5 in Poison Magic
  4812 | D:5      | Entered Level 5 of the Dungeon
  5042 | D:5      | Found a snail-covered altar of Cheibriados.
  5242 | D:5      | Found Toylanun's Antique Weapon Shop.
  5836 | D:6      | Noticed an ice beast
  5990 | D:6      | Your scales start taking on a dull iron-grey colour.
  5990 | D:6      | Reached XP level 7. HP: 50/50 MP: 8/14
  5990 | D:6      | Gained mutation: You can survive without breathing. [Grey
                  | Draconian growth]
  6064 | D:6      | Found a sparkling altar of Nemelex Xobeh.
  6150 | D:6      | Reached * piety under Qazlal
  6150 | D:6      | Reached skill level 5 in Spellcasting
  7047 | D:7      | Noticed a steam dragon
  7063 | D:7      | Killed a steam dragon
  7064 | D:7      | Reached XP level 8. HP: 47/55 MP: 9/16
  7555 | D:7      | Noticed Menkaure
  7993 | D:8      | Reached skill level 6 in Spellcasting
  8692 | D:9      | Found Izybboitt's Weapon Shop.
  9007 | D:9      | Reached ** piety under Qazlal
  9017 | D:9      | Reached skill level 7 in Spellcasting
  9117 | D:9      | Reached skill level 5 in Dodging
  9286 | D:9      | Learned a level 4 spell: Olgreb's Toxic Radiance
  9366 | D:7      | Reached XP level 9. HP: 15/61 MP: 14/19
  9601 | D:7      | Learned a level 3 spell: Ignite Poison
  9624 | D:8      | Reached skill level 1 in Fighting
  9986 | D:10     | Entered Level 10 of the Dungeon
  9996 | D:10     | Found a runed translucent gate.
  9996 | D:10     | Found a runed translucent gate.
  9996 | D:10     | Found a runed translucent gate.
  9998 | D:10     | Noticed a 12-headed hydra
  9998 | D:10     | Noticed Schnaeble's ghost (journeyman MiFi)
 10002 | D:10     | Noticed a 12-headed hydra
 10232 | D:10     | Reached skill level 8 in Spellcasting
 10256 | D:10     | Reached *** piety under Qazlal
 10585 | D:10     | Noticed a queen bee
 10587 | D:10     | Reached skill level 1 in Invocations
 10588 | D:10     | Reached skill level 9 in Spellcasting
 10588 | D:10     | Reached XP level 10. HP: 78/78 MP: 10/23
 10822 | D:10     | Reached skill level 5 in Fighting
 11252 | D:11     | Reached **** piety under Qazlal
 11372 | D:11     | Reached skill level 10 in Spellcasting
 11376 | D:11     | Noticed Gastronok
 11377 | D:11     | Noticed a two-headed ogre
 11646 | D:11     | Found a staircase to the Orcish Mines.
 11669 | D:11     | Killed a two-headed ogre
 11692 | D:11     | HP: 4/82 [Gastronok/the air (33)]
 11697 | D:11     | Killed Gastronok
 11697 | D:11     | Reached skill level 5 in Invocations
 11697 | D:11     | Reached XP level 11. HP: 34/91 MP: 2/25
 11987 | D:11     | Found a portal to a secret trove of treasure.
 12073 | D:11     | Found a glowing silver altar of Zin.
 12229 | D:11     | Reached skill level 11 in Spellcasting
 12391 | D:11     | Learned a level 5 spell: Alistair's Intoxication
 12548 | D:11     | Learned a level 2 spell: Blink
 12588 | D:11     | Noticed an unseen horror
 12605 | D:11     | Killed an unseen horror
 12651 | Orc:1    | Entered Level 1 of the Orcish Mines
 12652 | Orc:1    | Noticed an orc sorcerer
 12652 | Orc:1    | Noticed an orc high priest
 12659 | Orc:1    | Killed an orc high priest
 12661 | Orc:1    | Killed an orc sorcerer
 12665 | Orc:1    | Reached ***** piety under Qazlal
 12871 | Orc:1    | Noticed a two-headed ogre
 12879 | Orc:1    | Killed a two-headed ogre
 13389 | Orc:2    | Entered Level 2 of the Orcish Mines
 13455 | Orc:2    | Reached skill level 12 in Spellcasting
 13460 | Orc:2    | Noticed an orc knight
 13465 | Orc:2    | Noticed an orc knight
 13468 | Orc:2    | Noticed an orc high priest
 13721 | Orc:2    | Killed an orc high priest
 13767 | Orc:2    | Noticed an orc high priest
 13768 | Orc:2    | Noticed a sixfirhy
 13769 | Orc:2    | Noticed a soul eater
 13776 | Orc:2    | Killed an orc high priest
 13776 | Orc:2    | Reached XP level 12. HP: 88/103 MP: 3/28
 13781 | Orc:2    | Noticed an orc high priest
 13804 | Orc:2    | Found a gate leading to a gauntlet.
 13813 | Gauntlet | Entered a Gauntlet
 13813 | Gauntlet | Found a transporter.
 13917 | Gauntlet | Found a transporter.
 13920 | Gauntlet | Found the ring of the Mage {Wiz MR++ Int+3}
 13921 | Gauntlet | Found a transporter.
 13929 | Gauntlet | Found a transporter.
 13933 | Gauntlet | Found a transporter.
 13941 | Gauntlet | Found a transporter.
 13945 | Gauntlet | Found a transporter.
 13953 | Gauntlet | Found a transporter.
 13954 | Gauntlet | Noticed a catoblepas
 13957 | Gauntlet | Found a transporter.
 13968 | Gauntlet | Found a transporter.
 13982 | Gauntlet | Noticed a boulder beetle
 13986 | Gauntlet | Found a transporter.
 13988 | Gauntlet | Noticed an entropy weaver
 13988 | Gauntlet | a boulder beetle changed into an entropy weaver
 13992 | Gauntlet | Noticed a queen ant
 13992 | Gauntlet | an entropy weaver changed into a queen ant
 13997 | Gauntlet | Noticed a boulder beetle
 13997 | Gauntlet | a queen ant changed into a boulder beetle
 13998 | Gauntlet | Found a transporter.
 14010 | Gauntlet | Found a transporter.
 14022 | Gauntlet | Found a transporter.
 14131 | Gauntlet | Noticed a minotaur
 14139 | Gauntlet | Killed a minotaur
 14154 | Orc:2    | Found a staircase to the Elven Halls.
 14170 | Orc:2    | Killed an orc high priest
 14628 | Orc:2    | Reached skill level 13 in Spellcasting
 14635 | Orc:2    | Noticed an orc high priest
 14647 | Orc:2    | Killed an orc high priest
 14650 | Orc:2    | Noticed an orc high priest
 14681 | Orc:2    | Killed an orc high priest
 14998 | Orc:2    | Found Lono's Weapon Shop.
 15001 | Orc:2    | Found Husinuok's Gadget Shop.
 15002 | Orc:2    | Found Galide's Jewellery Shop.
 15003 | Orc:2    | Found Ewenox's Distillery.
 15631 | Orc:1    | Reached skill level 1 in Maces & Flails
 15641 | Orc:1    | Reached ****** piety under Qazlal
 15841 | Orc:1    | Found a roughly hewn altar of Beogh.
 15897 | Orc:1    | Noticed a two-headed ogre
 15902 | Orc:1    | Killed a two-headed ogre
 16461 | D:12     | Noticed Erolcha
 16468 | D:12     | Killed Erolcha
 16515 | D:12     | Noticed a two-headed ogre
 16537 | D:12     | Killed a two-headed ogre
 16537 | D:12     | Reached XP level 13. HP: 64/108 MP: 23/30
 16627 | D:12     | Reached skill level 5 in Maces & Flails
 16815 | D:12     | Reached skill level 14 in Spellcasting
 17324 | D:13     | Reached skill level 10 in Invocations
 17478 | D:13     | Noticed Sonja
 17483 | D:13     | Killed Sonja
 18692 | D:9      | Found a staircase to the Lair.
 18733 | D:9      | Found Fuizoata's Assorted Antiques.
 18867 | D:9      | Found Qabirgh's Gadget Shop.
 18979 | D:9      | Found a broken altar of Ashenzari.
 19073 | Lair:1   | Entered Level 1 of the Lair of Beasts
 19086 | Lair:1   | Found a dark tunnel.
 19092 | Volcano  | Entered a volcano
 19251 | Volcano  | Found a radiant altar of Vehumet.
 21011 | Lair:2   | Reached skill level 1 in Fire Magic
 21073 | Lair:2   | Found a transporter.
 21086 | Lair:2   | Found a transporter.
 21869 | Lair:2   | Found a hole to the Spider Nest.
 21958 | Lair:2   | Learned a level 3 spell: Spider Form
 22101 | Lair:3   | Found a staircase to the Swamp.
 22795 | Lair:3   | Reached XP level 14. HP: 104/116 MP: 32/32
 23004 | Lair:3   | Reached skill level 15 in Spellcasting
 24411 | Lair:4   | Got an iridescent long sword
 25833 | Lair:4   | Identified the +8 long sword of Conflict {freeze, *Contam
                  | +Blink rPois Str+7} (You found it on level 4 of the Lair of
                  | Beasts)
 25840 | Lair:4   | Gained mutation: Your magical capacity is low. (-10% MP)
                  | [mutagenic glow]
 26318 | Lair:5   | Reached skill level 5 in Fire Magic
 27300 | Lair:6   | Entered Level 6 of the Lair of Beasts
 27426 | Lair:6   | Reached skill level 10 in Maces & Flails
 27758 | Spider:1 | Entered Level 1 of the Spider Nest
 27779 | Lair:2   | Reached skill level 16 in Spellcasting
 28476 | Spider:1 | Reached XP level 15. HP: 123/123 MP: 30/31
 28494 | Spider:1 | Learned a level 1 spell: Foxfire
 28940 | D:9      | Bought a scroll of blinking for 255 gold pieces
 29100 | D:11     | You paid a toll of 5 scrolls of blinking to enter a
                  | treasure trove
 29101 | Trove    | Entered a treasure trove
 29366 | Spider:1 | Identified a scroll of acquirement
 29366 | Spider:1 | Acquired 888 gold pieces
 29380 | Spider:2 | Noticed Agnes
 29383 | Spider:2 | Noticed a ghost moth
 29385 | Spider:2 | Noticed Donald
 29407 | Spider:1 | Killed Agnes
 29899 | Spider:1 | Killed a ghost moth
 30121 | Spider:1 | Killed Donald
 30602 | Spider:2 | Noticed Arachne
 30617 | Spider:2 | Noticed Nikola
 31448 | Spider:1 | Learned a level 5 spell: Fireball
 32888 | Lair:6   | Reached skill level 17 in Spellcasting
 32941 | Lair:6   | Found a staircase to the Slime Pits.
 32942 | Lair:6   | Found a viscous altar of Jiyva.
 34856 | D:13     | Got a shimmering golden ring
 35588 | D:14     | Noticed Louise
 35592 | D:14     | Cast into level 2 of the Abyss (Louise)
 35592 | Abyss:2  | Found a corrupted altar of Lugonu.
 35869 | Abyss:2  | Noticed a tentacled starspawn
 35897 | Abyss:2  | HP: 5/110 [small abomination (16)]
 35898 | Abyss:2  | Killed from afar by a starcursed mass

Illustrated notes

Levels and vault maps discovered:
D:1:      heliophobic_arrival_ceremonial_halls, layout_basic,
          minmay_misc_feat_ornament
D:2:      layout_basic, old_standard_altar
D:3:      layout_basic, okawaru_metal_pillars_1_2
D:4:      layout_layer_cave, grunt_gozag_breadcrumbs,
          minmay_temple_entry_poolview, nicolae_ru_the_path_less_chosen
D:5:      layout_loops_ring, slow_altar_1, serial_shops, shop
D:6:      layout_gridville, minivault_1, abandoned_shop, minmay_misc_feat_five,
          minivault_19, nemelex_lonely_heart_becter
D:7:      layout_loops_corners, uniq_menkaure
D:8:      layout_cave_pools, overflow_temple_1_default
D:9:      layout_roguey, lemuel_coloured_pillars_altar, lair_entry_dummy,
          serial_shops, kennysheep_little_box, nicolae_shop_waterfront, shop
D:10:     layout_roguey [special_room_bee], gammafunk_ghost_hydra_chop
D:11:     layout_roguey, erik_orc_4, nicolae_trove_entry_crossroad, basic_altar,
          uniq_gastronok
D:12:     layout_rooms, minmay_rotating_lava, uniq_erolcha
D:13:     layout_loops_corners, uniq_sonja
D:14:     layout_loops_cross, grunt_vaults_entry_tiered, minmay_misc_feat_alley,
          jmf_multi_god_temple, uniq_kirke, uniq_louise
Temple:   nicolae_temple_elliptical
Lair:1:   layout_cave_pods, enter_volcano_1, infiniplex_staircase_pool
Lair:2:   gammafunk_cloud_chamber, layout_regular_city,
          nicolae_spider_entry_non_spiders
Lair:3:   regret_index_harrowing_hell_hive, layout_cave_pods, swamp_mist_pool,
          minmay_lair_oklob_items
Lair:4:   layout_cave_pods
Lair:5:   layout_loops_ring
Lair:6:   grunt_lair_end_beastmaster, layout_misc_corridors, slime_altar_1,
          serial_bayou_shore_a, lemuel_fruit_tree
Spider:1: layout_spider_delve
Spider:2: layout_spider_delve, uniq_nikola, uniq_donald, uniq_arachne,
          uniq_asterion, uniq_agnes
Spider:3: layout_spider_delve, minivault_29
Orc:1:    layout_diamond_mine, basic_altar
Orc:2:    st_orc_pillars, layout_caves, gauntlet_entry_generic
Abyss:2:  base: Temple, evilmike_abyss_exit_4, hangedman_summoners_spam

Skill      XL: |  1  2  3  4  5  6  7  8  9 10 11 12 13 14 15 |
---------------+----------------------------------------------+-----
Dodging        | 2 3 4 5 6 7 |  7.4
Spellcasting   | 3 4 5 7 9 10 12 13 14 16 17 | 17.4
Poison Magic   | 4 5 6 8 |  8.0
Fighting       | 4 6 8 |  8.4
Invocations    | 1 5 7 9 11 12 | 12.1
Maces & Flails | 4 7 10 12 | 12.6
Fire Magic     | 2 6 8 |  8.9
Stealth        | |  1.7
Transmutations | |  1.0

Action                   |  1- 3 |  4- 6 |  7- 9 | 10-12 | 13-15 || total
-------------------------+-------+-------+-------+-------+-------++-------
Melee: Unarmed           |    27 |    36 |    57 |       |       ||   120
       Tailslap          |     3 |     4 |    14 |     6 |    97 ||   124
       Mace              |       |       |    41 |    44 |   540 ||   625
       Flail             |       |       |       |    61 |   296 ||   357
 Cast: Sting             |    40 |    47 |    71 |     8 |    29 ||   195
       Poisonous Vapours |    13 |    67 |    67 |    94 |    57 ||   298
       Olgreb's Toxic Ra |       |       |    11 |    51 |   144 ||   206
       Ignite Poison     |       |       |     7 |    42 |    85 ||   134
       Alistair's Intoxi |       |       |       |     1 |       ||     1
       Blink             |       |       |       |       |     6 ||     6
       Spider Form       |       |       |       |       |     2 ||     2
       Foxfire           |       |       |       |       |    12 ||    12
       Fireball          |       |       |       |       |     1 ||     1
Invok: Upheaval          |       |       |       |       |     6 ||     6
       Elemental Force   |       |       |       |       |     1 ||     1
       Disaster Area     |       |       |       |       |     1 ||     1
Evoke: Wand              |       |       |     5 |       |     4 ||     9
  Use: Scroll            |       |     8 |     3 |    15 |    38 ||    64
       Potion            |       |       |       |     5 |    27 ||    32
Armor: Skin              |    16 |    32 |   166 |    60 |   526 ||   800
Dodge: Dodged            |    49 |   117 |   578 |   267 |  1235 ||  2246
       Repelled          |       |       |       |     1 |    11 ||    12
Block: Other             |       |       |    42 |    86 |   515 ||   643

Table legend: (Time is in decaauts)
 A = Elapsed time spent in this place.
 B = Non-inter-level travel time spent in this place.
 C = Inter-level travel time spent in this place.
 D = Time resting spent in this place.
 E = Time spent auto-exploring this place.
 F = Levels seen in this place.
 G = Mean time per level.
                   A        B        C        D        E       F      G
               +--------+--------+--------+--------+--------+-----+--------+
         Total |  35895 |  34485 |   1410 |  11169 |  11092 |  30 | 1196.5 |
       Dungeon |  17823 |  17271 |    552 |   4531 |   6157 |  14 | 1273.1 |
        Temple |     60 |     31 |     29 |      0 |     27 |   1 |   60.0 |
          Lair |   9862 |   9222 |    640 |   2939 |   3637 |   6 | 1643.7 |
   Spider Nest |   3708 |   3627 |     81 |   2038 |    378 |   3 | 1236.0 |
  Orcish Mines |   3237 |   3130 |    107 |   1237 |    893 |   2 | 1618.5 |
         Abyss |    253 |    253 |      0 |      0 |      0 |   1 |  253.0 |
         Trove |     43 |     43 |      0 |      0 |      0 |   1 |   43.0 |
       Volcano |    568 |    568 |      0 |    304 |      0 |   1 |  568.0 |
      Gauntlet |    336 |    336 |      0 |    119 |      0 |   1 |  336.0 |
               +--------+--------+--------+--------+--------+-----+--------+

Top non-repeatable levels by time:
Spider:1: 3358 daAuts
  Lair:4: 2008 daAuts
  Lair:3: 2004 daAuts
    D:12: 1947 daAuts
    D:11: 1900 daAuts
  Lair:2: 1876 daAuts
    D:10: 1823 daAuts
   Orc:2: 1821 daAuts
     D:7: 1735 daAuts
    D:13: 1655 daAuts
  Lair:5: 1498 daAuts
     D:2: 1484 daAuts
   Orc:1: 1416 daAuts
     D:9: 1381 daAuts
  Lair:1: 1366 daAuts
